 Dungeon Crawl Stone Soup version 0.31-a0-321-g19405a7a6a (webtiles) character file.

Game seed: 15128177153155073552

1885 BrainTurd the Cleaver (level 9, -3/48 HPs)
             Began as a Tengu Reaver on July 17, 2023.
             Constricted to death by Maurice (9 damage)
             ... on level 8 of the Dungeon on July 18, 2023.
             The game lasted 00:38:08 (5615 turns).

BrainTurd the Cleaver (Tengu Reaver)                Turns: 5615, Time: 00:38:08

Health: -3/48      AC: 11    Str: 14      XL:     9   Next: 14%
Magic:  3/13       EV: 11    Int: 21      God:
Gold:   0          SH:  0    Dex: 11 (12) Spells: 6/12 levels left

rFire   . . .        l - +1 mace of Moral Flaws {flame, Will++ Int+4}
rCold   . . .        (no shield)
rNeg    . . .        d - +3 leather armour
rPois   .            (helmet restricted)
rElec   +            s - +1 cloak
rCorr   +            (no gloves)
SInv    .            (boots unavailable)
Will    ++...        (no amulet)
Stlth   +            j - ring of resist corrosion
HPRegen 0.28/turn    (no ring)
MPRegen 0.13/turn

%: no passive effects
@: grasped by roots, flying quickly and evasively, constricted, quick
A: beak, talons 3, nimble flight, iridescent scales 1, deterioration 1, shaggy
fur 1, electricity resistance
a: no special abilities


You were on level 8 of the Dungeon.
You visited 1 branch of the dungeon, and saw 6 of its levels.
You also visited: Sewer.

Inventory:

Hand Weapons
 l - the +1 mace of Moral Flaws (weapon) {flame, Will++ Int+4}
   (You found it on level 8 of the Dungeon)

   Int:       It affects your intelligence (+4).
   Will:      It greatly increases your willpower.
Armour
 d - a +3 leather armour (worn)
 s - a +1 cloak (worn)
Jewellery
 j - a ring of resist corrosion (left hand)
Wands
 i - a wand of flame (39)
 m - a wand of acid (3)
Scrolls
 b - 2 scrolls of identify
 e - 2 scrolls of blinking {unknown}
 f - 5 scrolls of enchant armour
 g - a scroll of fear
 h - a scroll of summoning {unknown}
 k - a scroll of revelation {unknown}
 t - a scroll of poison {unknown}
 v - a scroll of amnesia {unknown}
Potions
 n - 5 potions of magic
 u - a potion of invisibility


   Skills:
 - Level 2.0 Fighting
 - Level 10.7 Axes
 * Level 0.0(6.6) Maces & Flails
 - Level 2.1 Dodging
 - Level 2.0 Spellcasting
 * Level 9.8 Conjurations
 + Level 0.8 Translocations


You had 6 spell levels left.
You knew the following spells:

 Your Spells              Type           Power      Damage    Failure   Level
a - Kiss of Death         Conj/Necr      88%        2d12      2%          1
b - Momentum Strike       Conj/Tloc      48%        3d9       3%          2
c - Hailstorm             Conj/Ice       22%        3d7       8%          3

Your spell library contained the following spells:

 Spells                   Type           Power      Damage    Failure   Level
 Necrotise                Necr           8%         1d4       19%         1
 Gell's Gravitas          Tloc           5%         N/A       36%         3
 Teleport Other           Tloc           5%         N/A       36%         3
 Vampiric Draining        Necr           2%         2d6       50%         3
 Agony                    Necr           2%         N/A       99%         5
 Dispersal                Tloc           2%         N/A       100%        6


Dungeon Overview and Level Annotations

Branches:
Dungeon (5/15)              Sewer (visited)
 Temple: D:4-7

Altars:
Ashenzari
Cheibriados
Makhleb

Shops:
D:3 (   D:8 *

Annotations:
D:8 1 transporter, Maurice; packetloss's ghost, novice AtHW


Innate Abilities, Weirdness & Mutations

You have a beak for a mouth.
You have claws for feet.
Your magical nature lets you fly swiftly and evasively.
You are partially covered in iridescent scales. (AC +2)
Your body sometimes deteriorates upon taking damage.
You are covered in fur. (AC +1)
You are resistant to electric shocks. (rElec)


Message History

Really quaff the potion of mutation?
Uppercase [Y]es or [N]o only, please.
Really quaff the potion of mutation?
You feel extremely strange.
You feel stronger.
You no longer feel cold resistant.
Iridescent scales grow over part of your body.
You feel yourself wasting away. Fur sprouts all over your body.
You feel insulated. The roots lose their grip on you. The yak misses you.
Sorry, you're not good enough to have a special ability.
Casting: Hailstorm (dangerous; 8% risk of failure)
Confirm with . or Enter, or press ? or * to list all spells.
Okay, then.
Casting: Hailstorm (dangerous; 8% risk of failure)
Confirm with . or Enter, or press ? or * to list all spells.
Casting: Hailstorm (dangerous; 8% risk of failure)
Press: ? - help, Dir - look around, f - activate A cannonade of hail descends around you!
The hail pelts the yak!
The yak is moderately wounded.
The hail pelts the yak!
The yak is moderately wounded.
The hail pelts the yak!
The yak is moderately wounded.
The yak gores you!
* * * LOW HITPOINT WARNING * * *
Your body deteriorates!
You feel clumsy.
Unknown command.
Casting: Hailstorm (dangerous; 8% risk of failure)
Confirm with . or Enter, or press ? or * to list all spells.
Casting: Hailstorm (dangerous; 8% risk of failure)
Press: ? - help, Dir - look around, f - activate A cannonade of hail descends around you!
The hail pelts the yak!
The yak is heavily wounded.
You hear a zap.
The roots erupt in riotous growth!
The yak is unaffected.
The grasping roots grab you!
The yak is unaffected.
You are constricted!
You die...

. ##......#.###
#..##.§§§.......#
.#.....§≈§._.≈≈≈.#
.#..##.§§≈...≈...#
#.....≈§≈§.≈≈.≈.#
#..#..≈.......§...# ## #~
##......≈≈≈≈.§≈≈≈.#.#
....~z8##..###......§§.§.....
~$.Dzyl##....@YY.≈§≈§.≈≈≈§.###
.##.###o##....###{.≈.....§§≈...
..##oYW##..#..#.§..≈.≈§.≈≈.≈.##
##..#####...#..#.##...≈...§...
....@.©.....#..#.##.≈≈≈._.§§≈.
............#....##.......§§..
.....#......#..######.......##
.....##........######.f.....#
#................#.......#


You could see 2 yaks and a wight.

Vanquished Creatures
  Sigmund (D:3)
  Menkaure (D:5)
  2 black bears (D:5)
  An ogre (D:5)
  4 phantoms
  2 kobold brigands
  A scorpion (D:5)
  2 water moccasin skeletons (D:5)
  A centaur zombie (D:5)
  3 hounds
  A bullfrog zombie (D:5)
  3 jellies
  An orc priest (D:5)
  4 iguanas
  Ijyb (D:4)
  Natasha (twice) (D:3)
  2 orc wizards (D:5)
  3 hound zombies (D:5)
  3 adders
  A howler monkey skeleton (D:5)
  A shadow imp (D:8)
  2 worms (D:2)
  2 dart slugs
  20 orcs
  10 bats
  12 endoplasms
  6 giant cockroaches
  12 goblins
  4 hobgoblins
  2 jackals (D:1)
  14 kobolds
  5 quokkas
  15 ball pythons
  4 frilled lizards
  7 rats
155 creatures vanquished.

Notes
Turn   | Place    | Note
-------+----------+-------------------------------------------
     0 | D:1      | BrainTurd the Tengu Reaver began the quest for the Orb.
     0 | D:1      | Reached XP level 1. HP: 12/12 MP: 4/4
   169 | D:1      | Reached XP level 2. HP: 17/17 MP: 6/6
   414 | D:1      | Reached skill level 4 in Axes
   946 | D:2      | Reached XP level 3. HP: 20/21 MP: 7/7
   949 | D:2      | Learned a level 2 spell: Momentum Strike
  1096 | D:2      | Reached XP level 4. HP: 26/26 MP: 4/8
  1100 | D:2      | Learned a level 3 spell: Hailstorm
  1195 | D:2      | Reached skill level 5 in Conjurations
  1303 | D:2      | Reached skill level 5 in Axes
  1535 | D:2      | Found a snail-covered altar of Cheibriados.
  2046 | D:3      | Noticed Sigmund
  2086 | D:3      | Gained mutation: Your magical nature lets you fly swiftly
                  | and evasively. [Tengu growth]
  2086 | D:3      | Reached XP level 5. HP: 30/30 MP: 6/9
  2267 | D:3      | Killed Sigmund
  2268 | D:3      | Reached skill level 6 in Axes
  2268 | D:3      | Reached XP level 6. HP: 35/35 MP: 10/10
  2315 | D:3      | Noticed Natasha
  2326 | D:3      | Killed Natasha
  2386 | D:3      | Found Lettul's Antique Weapon Emporium.
  2452 | D:3      | Noticed Natasha
  2460 | D:3      | Killed Natasha
  2668 | D:3      | Found a glowing drain.
  2681 | Sewer    | Entered a sewer
  2825 | Sewer    | Reached skill level 7 in Axes
  2825 | Sewer    | Reached XP level 7. HP: 37/40 MP: 11/11
  2854 | Sewer    | Upgraded the game from 0.31-a0-303-gdc8c9485ea to
                  | 0.31-a0-321-g19405a7a6a
  3078 | D:4      | Noticed Ijyb
  3089 | D:4      | Killed Ijyb
  3684 | D:4      | Gained mutation: You are weak. (Str -2) [potion of
                  | mutation]
  3684 | D:4      | Gained mutation: Your flesh is cold resistant. (rC+)
                  | [potion of mutation]
  3688 | D:4      | Reached skill level 8 in Axes
  4218 | D:5      | Entered Level 5 of the Dungeon
  4235 | D:5      | Reached XP level 8. HP: 31/44 MP: 12/12
  4821 | D:5      | Reached skill level 9 in Axes
  4869 | D:5      | Noticed Menkaure
  4878 | D:5      | Killed Menkaure
  4879 | D:5      | Reached skill level 10 in Axes
  5134 | D:5      | Reached XP level 9. HP: 48/48 MP: 10/13
  5390 | D:5      | You are sucked into a shaft and drop 3 floors!
  5393 | D:8      | Found Wavibrig's Lightly-Used Armoury.
  5432 | D:8      | Found a broken altar of Ashenzari.
  5439 | D:8      | Found a burning altar of Makhleb.
  5461 | D:8      | Found a transporter.
  5478 | D:8      | Noticed packetloss's ghost (novice AtHW)
  5565 | D:8      | Identified the +1 mace of Moral Flaws {flame, Will++ Int+4}
  5572 | D:8      | Noticed Maurice
  5613 | D:8      | Lost mutation: You are weak. (Str -2) [potion of mutation]
  5613 | D:8      | Lost mutation: Your flesh is cold resistant. (rC+) [potion
                  | of mutation]
  5613 | D:8      | Gained mutation: You are partially covered in iridescent
                  | scales. (AC +2) [potion of mutation]
  5613 | D:8      | Gained mutation: Your body sometimes deteriorates upon
                  | taking damage. [potion of mutation]
  5613 | D:8      | Gained mutation: You are covered in fur. (AC +1) [potion of
                  | mutation]
  5613 | D:8      | Gained mutation: You are resistant to electric shocks.
                  | (rElec) [potion of mutation]
  5615 | D:8      | Constricted to death by Maurice

Illustrated notes

Levels and vault maps discovered:
D:1:      tarquinn_simple_flora_water_e, layout_loops_corners
D:2:      minmay_chambers_of_twos, layout_loops_ring, basic_altar, minivault_11,
          minivault_19, minivault_4, minmay_misc_feat_rows
D:3:      layout_rooms, portal_sewer_entry_b, serial_shops,
          nicolae_shop_tiny_waterfront, nicolae_titane, uniq_sigmund,
          uniq_natasha
D:4:      layout_loops_corners, minmay_quantized, uniq_ijyb
D:5:      layout_gridville, serial_undead, serial_undead_b, serial_undead_e,
          serial_undead_a, serial_undead_f, serial_undead_a, serial_undead_f,
          serial_undead_e, serial_undead_a, uniq_menkaure
D:8:      layout_basic, mainiacjoe_overflow_large_starburst,
          david_lair_shrubbed, nzn_ghost_randoct, minmay_shop_damaged,
          uniq_maurice

Skill      XL: |  1  2  3  4  5  6  7  8 |
---------------+-------------------------+-----
Axes           | 4 5 6 7 8 10 | 10.7
Conjurations   | 5 6 7 9 |  9.8
Fighting       | |  2.0
Dodging        | |  2.1
Spellcasting   | |  2.0
Translocations | |  0.8

Action                     |  1- 3 |  4- 6 |  7- 9 || total
---------------------------+-------+-------+-------++-------
  Melee: Hand axe          |    50 |   114 |   227 ||   391
         Kick              |     5 |    27 |    83 ||   115
         Peck              |     6 |    17 |    37 ||    60
         Punch             |       |     1 |     2 ||     3
         Mace              |       |       |    13 ||    13
   Cast: Kiss of Death     |     1 |     1 |     1 ||     3
         Momentum Strike   |     4 |    23 |     6 ||    33
         Hailstorm         |       |       |     7 ||     7
  Evoke: Wand              |       |       |     1 ||     1
    Use: Potion            |       |       |     9 ||     9
         Scroll            |       |       |     4 ||     4
   Stab: Sleeping          |     1 |       |       ||     1
         Invisible         |       |       |     8 ||     8
 Armour: Leather armour    |    19 |    35 |    70 ||   124
  Dodge: Dodged            |    24 |    71 |   131 ||   226

Table legend: (Time is in decaauts)
 A = Elapsed time spent in this place.
 B = Non-inter-level travel time spent in this place.
 C = Inter-level travel time spent in this place.
 D = Time resting spent in this place.
 E = Time spent auto-exploring this place.
 F = Levels seen in this place.
 G = Mean time per level.
                   A        B        C        D        E       F      G
               +--------+--------+--------+--------+--------+-----+--------+
         Total |   5400 |   5159 |    241 |    937 |   3158 |   7 |  771.4 |
       Dungeon |   5177 |   4936 |    241 |    937 |   3037 |   6 |  862.8 |
         Sewer |    223 |    223 |      0 |      0 |    121 |   1 |  223.0 |
               +--------+--------+--------+--------+--------+-----+--------+

Top non-repeatable levels by time:
     D:2: 1249 daAuts
     D:5: 1109 daAuts
     D:4: 1057 daAuts
     D:1: 942 daAuts
     D:3: 604 daAuts
   Sewer: 223 daAuts
     D:8: 214 daAuts
